 Dungeon Crawl Stone Soup version 0.28.0-53-g5a82cb258f (webtiles) character file.

Game seed: 8245115172169218005

112065 fleet the Evocator (level 17, -1/88 (108) HPs)
             Began as a Kobold Gladiator on Aug 23, 2022.
             Was the Champion of Dithmenos.
             Slain by a meliai
             ... wielding a +0 war axe
              (15 damage)
             ... on level 1 of the Spider Nest on Aug 24, 2022.
             The game lasted 02:18:15 (40654 turns).

fleet the Evocator (Kobold Gladiator)              Turns: 40654, Time: 02:18:16

HP:   -1/88 (108)   AC: 16    Str:  8    XL:     17   Next: 14%
MP:   3/17          EV: 25    Int:  8    God:    Dithmenos [******]
Gold: 763           SH: 12    Dex: 32    Spells: 9/16 levels left

rFire   + + +      SeeInvis +   z - +6 dagger "Suongu" {elec, rC++ Dex+5}
rCold   + + .      Faith    .   G - +3 buckler {rC+}
rNeg    . . .      Spirit   .   K - +4 ring mail "Lobien" {Contam rF++ rCorr}
rPois   +          Reflect  .   c - +0 helmet
rElec   .          Harm     .   X - scarf {+Inv}
rCorr   +          Rampage  .   M - +3 Mad Mage's Maulers {Infuse+∞ RegenMP Int-3}
Will    +....                   y - +0 pair of boots "Wethri" {Fly rF++ rC- Regen+} Stlth **++++++++
                                J - amulet of regeneration
HPRegen 0.00/turn               F - ring "Pienososch" {+Blink rPois Str-5 Dex+6 SInv}
MPRegen 0.55/turn               Z - ring of poison resistance

@: about to teleport, flying, inhibited regen, wreathed by umbra, heavily
drained, invisible
A: small, no large weapons, nightstalker 3, inhibited regeneration
a: Renounce Religion, Evoke Blink, Evoke Invisibility, Shadow Step, Shadow Form


You were on level 1 of the Spider Nest.
You worshipped Dithmenos.
Dithmenos was exalted by your worship.
You visited 6 branches of the dungeon, and saw 25 of its levels.
You also visited: Sewer and Ice Cave.

You collected 3112 gold pieces.
You spent 2349 gold pieces at shops.

Inventory:

Hand Weapons
 z - the +6 dagger "Suongu" (weapon) {elec, rC++ Dex+5}
   (You found it on level 5 of the Dungeon)

   It occasionally discharges a powerful burst of electricity upon striking a
   foe.
   Dex:       It affects your dexterity (+5).
   rC:        It greatly protects you from cold.
Missiles
 d - 5 throwing nets
 g - 31 poisoned darts (quivered)
 I - 10 curare-tipped darts
Armour
 a - a scarf of shadows
 c - a +0 helmet (worn)
 y - the +0 pair of boots "Wethri" (worn) {Fly rF++ rC- Regen+}
   (You acquired it on level 2 of the Orcish Mines)

   rF:        It greatly protects you from fire.
   rC:        It makes you vulnerable to cold.
   Fly:       It grants you flight.
   Regen:     It increases your rate of health regeneration.
 G - a +3 buckler of cold resistance (worn)
 K - the +4 ring mail "Lobien" (worn) {Contam rF++ rCorr}
   (You found it on level 7 of the Dungeon)

   rF:        It greatly protects you from fire.
   Contam:    It causes magical contamination when unequipped.
   rCorr:     It protects you from acid and corrosion.
 M - the +3 Mad Mage's Maulers (worn) {Infuse+∞ RegenMP Int-3}
   (You bought it in a shop on level 11 of the Dungeon)

   It empowers its wearer's blows with all of their magic.
   It causes its wearer's magical reserves to regenerate more quickly.
   Int:       It affects your intelligence (-3).
 N - a +3 chain mail of poison resistance
 P - the +1 chain mail of the Furies {*Corrode rPois rF- Will+++}
   (You found it on level 5 of the Lair of Beasts)

   rF:        It makes you vulnerable to fire.
   rPois:     It protects you from poison.
   *Corrode:  It may corrode you when you take damage.
   Will:      It greatly increases your willpower.
 X - a scarf of invisibility (worn)
Jewellery
 r - a +4 ring of evasion
 A - an amulet of the acrobat
 F - the ring "Pienososch" (left hand) {+Blink rPois Str-5 Dex+6 SInv}
   (You bought it in a shop on level 3 of the Dungeon)

   [ring of dexterity]

   Str:       It affects your strength (-5).
   Dex:       It affects your dexterity (+6).
   rPois:     It protects you from poison.
   SInv:      It lets you see invisible.
   +Blink:    It lets you blink.
 J - an amulet of regeneration (around neck)
 Y - a ring of positive energy
 Z - a ring of poison resistance (right hand)
Wands
 b - a wand of polymorph (6)
 h - a wand of charming (5)
 E - a wand of paralysis (11)
 S - a wand of iceblast (16)
 V - a wand of acid (8)
 W - a wand of flame (15)
Scrolls
 j - 5 scrolls of brand weapon
 k - 2 scrolls of holy word
 n - a scroll of torment
 o - 5 scrolls of blinking
 p - 5 scrolls of enchant weapon
 q - 5 scrolls of teleportation
 v - 4 scrolls of magic mapping
 w - 3 scrolls of immolation
 B - 2 scrolls of amnesia
 C - 2 scrolls of fog
 R - 3 scrolls of vulnerability
Potions
 e - 6 potions of flight
 f - 2 potions of haste
 i - 2 potions of invisibility
 l - 2 potions of might
 m - 9 potions of curing
 t - a potion of magic
 u - 6 potions of mutation
 D - 4 potions of lignification
 H - 3 potions of brilliance
 L - 2 potions of attraction
 O - 2 potions of heal wounds
 Q - 5 potions of ambrosia
 T - 2 potions of cancellation
 U - 2 potions of berserk rage
Miscellaneous
 x - a phantom mirror


   Skills:
 - Level 13.0 Fighting
 - Level 13.0 Short Blades
 - Level 6.5 Throwing
 - Level 5.0 Armour
 - Level 13.0 Dodging
 - Level 11.9 Stealth
 - Level 6.0 Shields
 + Level 21.9 Evocations


You had 9 spell levels left.
You knew the following spells:

 Your Spells              Type           Power      Damage    Failure   Level
a - Monstrous Menagerie   Summ           0%         N/A       100%        7

Your spell library contained the following spells:

 Spells                   Type           Power      Damage    Failure   Level
 Freeze                   Ice            0%         1d3       86%         1
 Shock                    Conj/Air       0%         1d3       86%         1
 Corpse Rot               Necr/Air       0%         N/A       95%         2
 Ensorcelled Hibernation  Hex/Ice        0%         N/A       95%         2
 Static Discharge         Conj/Air       0%         N/A       95%         2
 Frozen Ramparts          Ice            0%         1d2       99%         3
 Ozocubu's Armour         Ice            0%         N/A       99%         3
 Portal Projectile        Hex/Tloc       0%         N/A       99%         3
 Dispel Undead            Necr           0%         3d6       100%        4
 Fulminant Prism          Conj/Hex       0%         3d6       100%        4
 Hailstorm                Conj/Ice       0%         3d3       100%        4
 Iskenderun's Mystic Bla  Conj/Tloc      0%         2d3       100%        4
 Petrify                  Tmut/Erth      0%         N/A       100%        4
 Summon Ice Beast         Ice/Summ       0%         N/A       100%        4
 Summon Lightning Spire   Summ/Air       0%         N/A       100%        4
 Blade Hands              Tmut           0%         N/A       100%        5
 Excruciating Wounds      Necr           0%         N/A       100%        5
 Lee's Rapid Deconstruct  Erth           0%         3d5*      100%        5
 Lightning Bolt           Conj/Air       0%         1d11      100%        5
 Metabolic Englaciation   Hex/Ice        0%         N/A       100%        5
 Summon Mana Viper        Hex/Summ       0%         N/A       100%        5
 Conjure Ball Lightning   Conj/Air       0%         3x3d6     100%        6
 Death Channel            Necr           0%         N/A       100%        6
 Statue Form              Tmut/Erth      0%         N/A       100%        6
 Storm Form               Tmut/Air       0%         N/A       100%        7
 Lehudib's Crystal Spear  Conj/Erth      0%         10d2      100%        8
 Maxwell's Capacitive Co  Air            0%         ∞         100%        8


Dungeon Overview and Level Annotations

Branches:
Dungeon (14/15)            Temple (1/1) D:6            Lair (6/6) D:11
 Shoals (0/4) Lair:4       Spider (1/4) Lair:4        Slime (0/5) Lair:6
    Orc (2/2) D:11            Elf (1/3) Orc:2        Vaults (0/5) D:14
  Sewer (visited)           IceCv (visited)

Altars:
Cheibriados
Dithmenos
Elyvilon
Kikubaaqudgha
Makhleb
Trog
Vehumet
Xom
Yredelemnul
The Shining One

Shops:
D:2 [   D:3 =![=   D:4 [   D:10 =   D:11 [   Orc:2 (?(**

Portals:
Hell: Lair:6
Abyss: Lair:5

Annotations:
D:4 exclusion: statue
D:5 2 transporters, fleet's ghost, novice KoGl
D:8 1 runed translucent door
D:12 exclusion: ice statue
D:13 3 runed translucent doors, Iplucs's ghost, journeyman FeBe
Lair:3 freeze dagger art with sinv
Lair:5 2 transporters, Zeycw's ghost, journeyman KoWz


Innate Abilities, Weirdness & Mutations

You are small and have problems with some larger weapons.
You are completely attuned to the shadows.
You do not regenerate when monsters are visible.


Message History

The emperor scorpion closely misses you.
Throw: 32 darts (poison)
Press: ? - help, Q - select action, (/) - cycle Shift-Dir - straight line, f/p - emperor scorpion
Aim: an emperor scorpion (black smoke, moderately wounded, umbra, 81% to hit)
You throw a poisoned dart.
The poisoned dart barely misses the emperor scorpion.
The emperor scorpion stings you!!
You block the emperor scorpion's attack. x2
You hear an angry buzzing noise.
You blink.
A meliai comes into view. It is wielding a +0 war axe.
You block the emperor scorpion's attack.
The emperor scorpion barely misses you.
The emperor scorpion claws you but does no damage.
The redback bites you but does no damage.
Being near the torpor snail leaves you feeling lethargic.
You feel yourself speed up.
The meliai invokes the aid of its god against you.
Something smites you!
* * * LOW HITPOINT WARNING * * *
You block the emperor scorpion's attack.
The emperor scorpion closely misses you.
You block the emperor scorpion's attack.
The meliai completely misses you. The meliai stings you!
* * * LOW HITPOINT WARNING * * *
The redback barely misses you. The emperor scorpion misses you.
The emperor scorpion claws you but does no damage. x2
You fade into invisibility!
The meliai closely misses you. The meliai completely misses you.
You block the redback's attack. The meliai completely misses you.
The meliai closely misses you.
The emperor scorpion completely misses you.
The emperor scorpion claws you.
* * * LOW HITPOINT WARNING * * *
You block the emperor scorpion's attack.
You block the redback's attack.
The redback bites you but does no damage.
As you read the scroll of teleportation, it crumbles to dust.
You feel strangely unstable. The meliai hits you with a +0 war axe!
You die...

#. #.## w....###
#..#..# #..^..(##.
^.#.... ....##.§..
.......#..#.#..ssy#
#.#..#.#.....^##@§#
..........#..#.s.##
..#..##..#.(...#..#
.#.†.(#...........##
#.##.†#..#..#......#
#####......##........
#..#..#.....#..#.#
##...#.#...#...###
#(..#[...#.#..#


You could see an emperor scorpion, 2 redbacks and a meliai.

Vanquished Creatures
  Rupert (Lair:4)
  Frances (D:13)
  An emperor scorpion (Spider:1)
  A reaper (IceCv)
  A broodmother (Lair:4)
  Nessos (Lair:5)
  The ghost of JohnEldenRing the Spear-Bearer, a journeyman GnBe of Trog (Lair:4)
  Josephine (D:9)
  8 vault guards (D:14)
  A death knight (D:14)
  8 hydras
  2 boulder beetles
  3 catoblepae
  A radroach (Spider:1)
  2 centaur warriors
  Erica (D:9)
  6 two-headed ogres
  5 death yaks
  A tengu warrior (D:14)
  5 orc high priests (Orc:2)
  Sonja (Lair:5)
  A sixfirhy (Lair:6)
  A skeletal warrior (D:9)
  A steelbarb worm (Spider:1)
  An orb spider (Spider:1)
  2 orc knights (Orc:2)
  A wizard (Lair:6)
  2 deep elf archers
  2 wolf spiders (Lair:4)
  A cyclops (D:11)
  3 manticores
  18 elephants
  5 black mambas
  An orange demon (Lair:6)
  3 torpor snails
  An ice statue (IceCv)
  10 cane toads
  A merfolk siren (Lair:4)
  A demonic crawler (Spider:1)
  2 gargoyles
  9 rime drakes
  18 komodo dragons
  2 freezing wraiths
  9 ice devils
  9 trolls
  A red devil (Lair:6)
  A hornet (Lair:4)
  5 polar bears
  A queen bee (D:9)
  A merfolk (Lair:4)
  2 meliai (Spider:1)
  4 tarantellas (Spider:1)
  21 slime creatures
  7 jumping spiders
  2 culicivoras (Spider:1)
  22 blink frogs
  A meliai zombie (D:11)
  6 dream sheep (Lair:6)
  4 flying skulls (D:9)
  4 wyverns
  3 wraiths
  5 shadows
  4 water elementals (D:14)
  3 basilisks
  53 yaks
  2 steam dragons
  5 vampire mosquitoes
  9 redbacks
  3 death yak simulacra (IceCv)
  An acid dragon (D:14)
  4 wargs
  13 water moccasins
  3 hell hounds (Lair:6)
  A swamp drake (D:11)
  A black bear (Lair:1)
  27 orc warriors
  A hornet zombie (D:8)
  17 ogres
  34 wolves
  4 centaurs
  4 phantoms
  8 kobold brigands
  22 bullfrogs
  5 two-headed ogre simulacra (IceCv)
  2 gnoll sergeants
  14 scorpions
  A water moccasin skeleton (D:5)
  3 elephant simulacra (IceCv)
  29 killer bees
  3 wights (D:9)
  9 howler monkeys
  4 electric eels
  A bullfrog zombie (D:4)
  11 centaur zombies
  13 hounds
  A jelly (D:6)
  8 centaur skeletons
  2 bullfrog skeletons (D:5)
  A gnoll shaman (D:6)
  4 iguanas
  39 orc priests
  19 orc wizards
  2 polar bear simulacra (IceCv)
  12 hell rats (Lair:6)
  2 troll simulacra (IceCv)
  2 spriggan simulacra (IceCv)
  2 killer bee zombies (D:8)
  9 gnolls
  3 naga simulacra (IceCv)
  2 howler monkey skeletons (D:9)
  3 river rats
  16 adders
  2 white imps (D:6)
  3 ufetubi
  2 adder skeletons (D:4)
  A worm (D:4)
  2 dart slugs
  63 orcs
  14 bats
  8 endoplasms
  6 giant cockroaches
  8 goblins
  9 hobgoblins
  A jackal (Sewer)
  24 kobolds
  5 quokkas
  11 ball pythons
  2 frilled lizards
  14 rats
862 creatures vanquished.

Vanquished Creatures (collateral kills)
  A hydra (Lair:3)
  An orange demon (Lair:6)
  A hellwing (Lair:6)
  A hell hound (Lair:6)
  An orc priest (Orc:2)
5 creatures vanquished.

Vanquished Creatures (others)
  An orc warrior (Orc:2)
  A quokka (D:3)
  2 bushes
  77 fungi
  85 plants
166 creatures vanquished.

Grand Total: 1033 creatures vanquished

Notes
Turn   | Place    | Note
-------+----------+-------------------------------------------
     0 | D:1      | fleet the Kobold Gladiator began the quest for the Orb.
     0 | D:1      | Reached XP level 1. HP: 12/12 MP: 1/1
   172 | D:1      | Reached XP level 2. HP: 18/18 MP: 2/2
   283 | D:1      | Reached skill level 1 in Stealth
   420 | D:1      | Found Soicigh's Antique Weapon Shop.
   541 | D:1      | Reached XP level 3. HP: 22/22 MP: 3/3
   917 | D:1      | Found a faded altar of an unknown god.
  1399 | D:2      | Reached XP level 4. HP: 27/27 MP: 4/4
  2133 | D:2      | Found Tigefe's Armour Shop.
  2291 | D:3      | Found Doty's Jewellery Shoppe.
  2513 | D:3      | Reached XP level 5. HP: 31/32 MP: 5/5
  2532 | D:3      | Found Qiuciel's Jewellery Shoppe.
  2618 | D:3      | Found Eloripneeng's Distillery.
  2619 | D:3      | Found Ecwoss's Antique Armour Shoppe.
  2639 | D:3      | Found a white marble altar of Elyvilon.
  2757 | D:3      | Reached skill level 5 in Short Blades
  3368 | D:3      | Bought an ichor-stained chain mail for 218 gold pieces
  3368 | D:3      | Identified the +5 chain mail of Wadyf {rC++ Stlth+} (You
                  | bought it in a shop on level 3 of the Dungeon)
  3400 | D:4      | Found Nesa's Antique Armour Shoppe.
  3423 | D:4      | Reached XP level 6. HP: 37/37 MP: 6/6
  3665 | D:4      | Reached skill level 5 in Dodging
  4066 | D:4      | Found a snail-covered altar of Cheibriados.
  4227 | D:4      | Found a radiant altar of Vehumet.
  4478 | D:4      | Reached XP level 7. HP: 43/43 MP: 7/7
  4507 | D:4      | Reached skill level 5 in Stealth
  4709 | D:4      | Found a burning altar of Makhleb.
  4711 | D:4      | Noticed a blizzard demon
  4712 | D:4      | Noticed a neqoxec
  4712 | D:4      | Noticed a smoke demon
  5050 | D:5      | Entered Level 5 of the Dungeon
  5288 | D:5      | Found a glowing drain.
  5405 | Sewer    | Entered a sewer
  5567 | Sewer    | Reached XP level 8. HP: 41/48 MP: 8/8
  5643 | Sewer    | Reached skill level 5 in Fighting
  5643 | Sewer    | Reached skill level 1 in Evocations
  5786 | Sewer    | Found a white marble altar of Elyvilon.
  6009 | D:5      | Found a transporter.
  6013 | D:5      | Found a transporter.
  6013 | D:5      | Noticed fleet's ghost (novice KoGl)
  6239 | D:5      | Identified the +6 dagger "Suongu" {elec, rC++ Dex+5}
  6316 | D:5      | Reached skill level 2 in Evocations
  6978 | D:6      | Reached skill level 3 in Evocations
  6986 | D:6      | Reached XP level 9. HP: 55/55 MP: 9/9
  7200 | D:6      | Found a staircase to the Ecumenical Temple.
  7229 | Temple   | Entered the Ecumenical Temple
  7263 | Temple   | Became a worshipper of Dithmenos the Shadowed
  7579 | D:6      | Reached skill level 4 in Evocations
  8273 | D:6      | Reached skill level 5 in Evocations
  8427 | D:6      | Reached * piety under Dithmenos
  8428 | D:6      | Reached XP level 10. HP: 48/61 MP: 10/10
  8727 | D:6      | Noticed a two-headed ogre
  8740 | D:6      | Killed a two-headed ogre
  8741 | D:6      | Reached skill level 6 in Evocations
  9554 | D:7      | Reached ** piety under Dithmenos
  9933 | D:7      | Reached skill level 10 in Short Blades
  9933 | D:7      | Reached skill level 10 in Stealth
 10033 | D:7      | Identified the +4 ring mail "Lobien" {Contam rF++ rCorr}
 10222 | D:8      | Reached skill level 7 in Evocations
 10432 | D:8      | Found a runed translucent gate.
 10432 | D:8      | Found a runed translucent gate.
 10433 | D:8      | Found a runed translucent gate.
 10624 | D:8      | Got Ugib's Tome of Freezing Battle Magic
 10704 | D:8      | Found the +9 staff of Olgreb {rPois∞}
 10718 | D:8      | Reached XP level 11. HP: 68/68 MP: 11/11
 10737 | D:8      | Found a runed translucent door.
 10813 | D:8      | Reached skill level 10 in Dodging
 10828 | D:8      | Found a runed translucent door.
 10875 | D:8      | Reached skill level 8 in Evocations
 11025 | D:9      | Reached *** piety under Dithmenos
 11084 | D:9      | Noticed a two-headed ogre
 11091 | D:9      | Killed a two-headed ogre
 11092 | D:9      | Reached skill level 9 in Evocations
 11722 | D:9      | Noticed a centaur warrior
 11725 | D:9      | Noticed Erica
 11738 | D:10     | Entered Level 10 of the Dungeon
 11945 | D:10     | Reached skill level 10 in Fighting
 12092 | D:10     | Reached skill level 10 in Evocations
 12514 | D:10     | Found a shimmering altar of Xom.
 12619 | D:10     | Reached skill level 11 in Evocations
 12699 | D:10     | Found Modeit's Jewellery Shop.
 13042 | D:9      | Noticed a skeletal warrior
 13144 | D:9      | Killed a skeletal warrior
 13145 | D:9      | Reached XP level 12. HP: 44/77 MP: 12/12
 13171 | D:9      | Reached skill level 12 in Evocations
 13587 | D:9      | Reached **** piety under Dithmenos
 13659 | D:9      | Killed a centaur warrior
 13817 | D:9      | Reached skill level 13 in Evocations
 14159 | D:9      | Identified the +3 chain mail of the Wilderness {rC++ MP+9
                  | Str+2}
 14212 | D:9      | Noticed Josephine
 14238 | D:9      | Killed Josephine
 14324 | D:9      | Killed Erica
 14325 | D:9      | Reached skill level 14 in Evocations
 15106 | D:11     | Reached skill level 15 in Evocations
 15244 | D:11     | Found a staircase to the Lair.
 15606 | D:11     | Noticed a two-headed ogre
 15647 | D:11     | Killed a two-headed ogre
 15874 | D:11     | Noticed a two-headed ogre
 15878 | D:11     | Killed a two-headed ogre
 16064 | D:11     | Found a staircase to the Orcish Mines.
 16136 | D:11     | Reached XP level 13. HP: 61/82 MP: 13/13
 16291 | D:11     | Found Dalemeto's Armour Emporium.
 16296 | D:11     | Bought the +3 Mad Mage's Maulers {Infuse+∞ RegenMP Int-3}
                  | for 560 gold pieces
 16296 | D:11     | Found the +3 Mad Mage's Maulers {Infuse+∞ RegenMP Int-3}
 17153 | D:12     | Found a frozen archway.
 17178 | IceCv    | Entered an ice cave
 17329 | IceCv    | Reached skill level 5 in Throwing
 17902 | IceCv    | Noticed a reaper
 17918 | IceCv    | Killed a reaper
 17919 | IceCv    | Reached skill level 16 in Evocations
 17922 | IceCv    | Got the Catalogue of the Frostbite
 18157 | IceCv    | Reached ***** piety under Dithmenos
 18384 | D:12     | Reached skill level 1 in Shields
 18419 | D:12     | Noticed a four-headed hydra
 18422 | D:12     | Killed a four-headed hydra
 18902 | D:12     | Noticed a four-headed hydra
 18905 | D:12     | Killed a four-headed hydra
 19022 | D:12     | Noticed an eight-headed hydra
 19025 | D:12     | Killed an eight-headed hydra
 19396 | D:12     | Reached skill level 5 in Shields
 19506 | D:12     | Found the +7 Singing Sword {vorpal, sonic wave}
 19808 | D:13     | Noticed a boulder beetle
 19811 | D:13     | Killed a boulder beetle
 20288 | D:13     | Found a runed translucent gate.
 20288 | D:13     | Found a runed translucent gate.
 20289 | D:13     | Found a runed translucent gate.
 20290 | D:13     | Noticed a five-headed hydra
 20300 | D:13     | Noticed a minotaur
 20301 | D:13     | Noticed Iplucs's ghost (journeyman FeBe)
 20669 | D:13     | Noticed Frances
 20672 | D:13     | Killed Frances
 20673 | D:13     | Reached XP level 14. HP: 88/88 MP: 0/14
 20908 | D:13     | Reached skill level 1 in Armour
 22239 | D:14     | Reached skill level 5 in Armour
 23354 | D:14     | Found a gate to the Vaults.
 23369 | D:14     | Reached skill level 17 in Evocations
 24039 | Lair:1   | Entered Level 1 of the Lair of Beasts
 27210 | Lair:3   | Reached XP level 15. HP: 94/94 MP: 0/15
 28201 | Lair:3   | Identified the +5 dagger "Senaobuj" {freeze, Contam Int+10
                  | SInv}
 28798 | Lair:4   | Noticed Rupert
 28801 | Lair:4   | Killed Rupert
 28894 | Lair:4   | Reached ****** piety under Dithmenos
 29341 | Lair:4   | Found a hole to the Spider Nest.
 29809 | Lair:4   | Found a staircase to the Shoals.
 30169 | Lair:4   | Found a runed translucent door.
 30939 | Lair:4   | Noticed JohnEldenRing's ghost (journeyman GnBe)
 30943 | Lair:4   | Killed JohnEldenRing's ghost
 31273 | Lair:5   | Identified the +1 chain mail of the Furies {*Corrode rPois
                  | rF- Will+++}
 31468 | Lair:5   | Noticed Sonja
 31471 | Lair:5   | Killed Sonja
 31698 | Lair:5   | Noticed Nessos
 31702 | Lair:5   | Killed Nessos
 31779 | Lair:6   | Entered Level 6 of the Lair of Beasts
 32058 | Lair:5   | Found a transporter.
 32062 | Lair:5   | Found a transporter.
 32111 | Lair:5   | Identified the +0 scale mail "Ykiyq" {Drain rN+ Str+4}
 32704 | Lair:5   | Found a one-way gate to the infinite horrors of the Abyss.
 32704 | Lair:5   | Noticed Zeycw's ghost (journeyman KoWz)
 33175 | Lair:6   | Reached XP level 16. HP: 103/104 MP: 1/16
 33339 | Lair:6   | Reached skill level 18 in Evocations
 33571 | Lair:6   | Learned a level 7 spell: Monstrous Menagerie
 34336 | Lair:6   | Reached skill level 19 in Evocations
 35683 | Lair:6   | Found a burning altar of Makhleb.
 35687 | Lair:6   | Reached skill level 20 in Evocations
 35812 | Lair:6   | Found a gateway to Hell.
 35983 | Lair:6   | Found a staircase to the Slime Pits.
 36386 | Orc:1    | Entered Level 1 of the Orcish Mines
 36707 | Orc:2    | Entered Level 2 of the Orcish Mines
 36727 | Orc:2    | Found Ciapp's General Store.
 38326 | Orc:2    | Reached skill level 21 in Evocations
 38340 | Orc:2    | Gained mutation: You do not regenerate when monsters are
                  | visible. [a neqoxec]
 38514 | Orc:2    | Found Qerumu's Magic Scroll Emporium.
 38514 | Orc:2    | Found Reakamn's Weapon Shoppe.
 38515 | Orc:2    | Found Jiaf's Weapon Emporium.
 38515 | Orc:2    | Found Jecsuck's General Store.
 38529 | Orc:2    | Bought a scroll of teleportation for 54 gold pieces
 38529 | Orc:2    | Bought a scroll of identify for 36 gold pieces
 38529 | Orc:2    | Bought a scroll of blinking for 135 gold pieces
 38529 | Orc:2    | Bought a scroll of blinking for 135 gold pieces
 38530 | Orc:2    | Bought a scroll of identify for 36 gold pieces
 38530 | Orc:2    | Identified 2 scrolls of acquirement
 38531 | Orc:2    | Acquired the +0 pair of boots "Wethri" {Fly rF++ rC-
                  | Regen+}
 38542 | Orc:2    | Acquired 332 gold pieces
 38598 | Orc:2    | Found a staircase to the Elven Halls.
 39110 | Elf:1    | Entered Level 1 of the Elven Halls
 39427 | D:3      | Bought the ring "Pienososch" {+Blink rPois Str-5 Dex+6
                  | SInv} for 915 gold pieces
 39654 | Spider:1 | Entered Level 1 of the Spider Nest
 39891 | D:10     | Bought a ring of poison resistance for 260 gold pieces
 40070 | Spider:1 | Reached XP level 17. HP: 9/108 MP: 1/17
 40654 | Spider:1 | Slain by a meliai

Illustrated notes

Levels and vault maps discovered:
D:1:      dpeg_arrival_court, layout_basic,
          hellmonk_ecumenical_altar_leap_of_faith, serial_shops,
          nicolae_shop_window_shopping, minivault_23, minmay_cut_off
D:2:      layout_basic, serial_shops, shop, chequers_garden, chequers_big_river,
          minmay_pentomino_q2
D:3:      layout_loops_cross, elyvilon_altar_4, serial_shops, shop,
          nicolae_shop_crystal, shop, shop, kennysheep_generic_room_16
D:4:      layout_basic, makhleb_altar_promises_db, slow_altar_1, vehumet_statue,
          nicolae_stop_n_shop_2, kennysheep_generic_room_14
D:5:      layout_basic, portal_sewer_entry_b, gammafunk_ghost_arena
D:6:      lemuel_castle_with_subvaults [lemuel_castle_interior_carwin_1],
          layout_loops_corners, minmay_temple_entry_tees
D:7:      layout_rooms, hangedman_abyss_or_decor_stabs, grunt_ogre_cave,
          kennysheep_generic_room_8
D:8:      layout_basic, evilmike_ruin_ashenzari, enter_bailey_5,
          minmay_guarded_unrand_staff_of_olgreb
D:9:      hangedman_screamer, layout_stronghold, minivault_7, uniq_erica
D:10:     layout_basic, mainiacjoe_overflow_catwalk, serial_shops,
          nicolae_lakefront_shop
D:11:     layout_gridville, erik_lair_island, erik_orc_1, serial_shops, shop
D:12:     old_forge, layout_layer_cave, portal_ice_cave_rime, minivault_16
D:13:     layout_loops_ring, maelrawn_ghost_gauntlet_escape, uniq_frances
D:14:     nzn_motion_control, layout_stronghold, erik_vaults_2,
          kennysheep_boxes, gauntlet_entry_generic
Temple:   regret_index_temple_sphere_string
Lair:1:   layout_hall_layers, st_stairs_6, grunt_forest_stairs_basic,
          serial_bayou_shore_b
Lair:2:   layout_roguey, serial_bayou_lagoon_b
Lair:3:   layout_regular_city, serial_bayou_shore_a
Lair:4:   layout_cave_pods, elwin_shoals_entry_rooms, spider_nest_entry_a,
          ebering_ghost_inner_flame, grunt_megastairs_3, uniq_rupert
Lair:5:   layout_regular_city, gammafunk_ghost_abyssal_escape,
          minmay_stone_trees_small, serial_bayou_lagoon_a, wad_woods_06,
          uniq_nessos, uniq_sonja
Lair:6:   evil_forest, layout_loops_ring, slime_dummy,
          chequers_serial_rivers_micro_a, grunt_megastairs_4
Spider:1: layout_spider_delve, drop_trap, nicolae_spider_scorpion_nest
Orc:1:    layout_diamond_mine
Orc:2:    st_orc_pillars, layout_diamond_mine, serial_shops, shop
Elf:1:    minmay_elf_arrival_plus, layout_loops_cross, serial_shops,
          shop_fountains, shop_statue, nicolae_shop_hallway_stairs,
          hangedman_elf_disciples

Skill      XL: |  1  2  3  4  5  6  7  8  9 10 11 12 13 14 15 16 |
---------------+-------------------------------------------------+-----
Stealth        | 1 2 3 4 5 6 8 10 11 | 11.9
Dodging        | 4 5 6 7 8 9 10 11 13 | 13.0
Fighting       | 3 4 5 6 8 10 11 13 | 13.0
Short Blades   | 5 6 7 8 10 13 | 13.0
Evocations     | 3 5 7 11 15 16 17 21 | 21.9
Throwing       | 3 6 |  6.5
Shields        | 6 |  6.0
Armour         | 5 |  5.0

Action                   |  1- 3 |  4- 6 |  7- 9 | 10-12 | 13-15 | 16-18 || total
-------------------------+-------+-------+-------+-------+-------+-------++-------
Melee: Rapier            |    73 |   198 |   187 |       |       |       ||   458
       Punch             |       |     7 |     8 |    19 |     1 |       ||    35
       Dagger            |       |       |   175 |   969 |   878 |  1059 ||  3081
Throw: Dart              |       |       |     2 |    10 |       |    18 ||    30
       Throwing net      |       |       |     1 |     6 |       |       ||     7
 Abil: Evoke Invisibilit |       |       |       |       |       |     3 ||     3
       Evoke Blink       |       |       |       |       |       |     2 ||     2
Evoke: Wand              |       |       |       |     5 |    28 |    21 ||    54
       Phantom mirror    |       |       |       |       |     1 |       ||     1
  Use: Scroll            |       |       |     7 |     7 |    11 |     9 ||    34
       Potion            |       |       |     1 |     2 |     3 |     3 ||     9
 Stab: Sleeping          |    16 |    19 |    17 |    31 |   140 |    45 ||   268
       Distracted        |       |       |     1 |     7 |     9 |    16 ||    33
       Held in net/web   |       |       |       |     7 |     1 |       ||     8
       Paralysed         |       |       |       |     2 |     7 |       ||     9
       Invisible         |       |       |       |       |       |     4 ||     4
Armor: Leather armour    |    13 |    34 |    37 |     2 |       |       ||    86
       Ring mail         |       |       |       |    96 |   111 |    88 ||   295
Dodge: Dodged            |    39 |   123 |   302 |   728 |   483 |   786 ||  2461
Block: Buckler           |       |       |       |       |   253 |   527 ||   780
